 Dungeon Crawl Stone Soup version bcrawl-1.28.1b (webtiles) character file.

Game seed: 17582703958159633321

295058 Morbidden the Blocker (level 9, -3/49 HPs)
             Began as a Skeleton Fighter on Dec 15, 2020.
             Was a Priest of Hepliaklqana.
             Slain by a hog (5 damage)
             ... on level 7 of the Dungeon.
             The game lasted 00:12:30 (7272 turns).

Morbidden the Blocker (Skeleton Fighter)            Turns: 7272, Time: 00:12:31

Health: -3/49      AC: 11    Str: 22    XL:     9   Next: 91%
Magic:  0/20       EV:  7    Int: 11    God:    Hepliaklqana [***...]
Gold:   533        SH: 11    Dex:  8    Spells: 22/22 levels left

rFire    . . .     SeeInvis .   a - +0 trident
rCold    + + .     Gourm    .   c - +0 medium shield
rNeg     + + +     Faith    .   q - +0 chain mail
rPois    ∞         Spirit   +   (no helmet)
rElec    .         Reflect  .   h - +0 cloak
rCorr    .         Harm     .   (no gloves)
MR       +....                  (no boots)
Stlth    ..........             (no amulet)
HPRegen  0.16/turn              n - ring of protection from cold
MPRegen  0.17/turn              (no ring)

@: no status effects
A: no food or potions, reduced essence, cold resistance 1, deterioration 1,
negative energy resistance 3, powered by death 1, torment resistance,
unbreathing, magic shield, sturdy frame 1, spell healing
a: Recall Ancestor, Ancestor Identity, Transference, Renounce Religion


You were on level 7 of the Dungeon.
You worshipped Hepliaklqana.
Hepliaklqana was most pleased with you.
You were not hungry.

You visited 1 branch of the dungeon, and saw 7 of its levels.

You collected 533 gold pieces.

Inventory:

Hand Weapons
 a - a +0 trident (weapon)
Armour
 c - a +0 medium shield (worn)
 h - a +0 cloak (worn)
 q - a +0 chain mail (worn)
Jewellery
 n - a ring of protection from cold (left hand)
Wands
 m - a wand of random effects (8)
 p - a wand of acid (9)
Scrolls
 d - 6 scrolls of identify
 e - 3 scrolls of amnesia {unknown}
 f - 5 scrolls of teleportation {unknown}
 g - 4 scrolls of fog {unknown}
 i - a scroll of enchant armour {unknown}
 j - 7 scrolls of remove curse {unknown}
 k - 2 scrolls of blinking {unknown}
 l - a scroll of fear {unknown}
 o - a scroll of magic mapping {unknown}


   Skills:
 * Level 6.1 Fighting
 + Level 7.8 Polearms
 + Level 5.8 Armour
 + Level 3.7 Dodging
 + Level 2.2 Stealth
 * Level 8.2 Shields
 * Level 7.3 Spellcasting
 * Level 4.2 Invocations


You had 22 spell levels left.
You didn't know any spells.
Your spell library was empty.

Dungeon Overview and Level Annotations

Branches:
Dungeon (7/12)             Temple (0/1) D:5
   Lair: D:7-9

Altars:
Ashenzari
Cheibriados
Hepliaklqana
Ru
Sif Muna
Wu Jian

Annotations:
D:7 2 transporters


Innate Abilities, Weirdness & Mutations

You do not eat or drink.
You are immune to poison.
Your flesh is cold resistant. (rC+)
Your body sometimes deteriorates upon taking damage.
You are immune to negative energy. (rN+++)
You regenerate a little health from kills.
You are immune to unholy pain and torment.
You can survive without breathing.
When hurt, damage is shared between your health and your magic reserves.
Your movements are slightly less encumbered by armour. (ER -2)
Casting spells heals you.
Your life essence is reduced to manifest your ancestor. (-10% HP)


Message History

You closely miss the hog.
The hog is severely wounded.
The hog bites you.
* * * LOW HITPOINT WARNING * * *
The hog bites you.
* * * LOW HITPOINT WARNING * * *
Your chain mail prevents you from hitting the hog.
The hog is severely wounded.
The hog bites you!
* * * LOW HITPOINT WARNING * * *
You hit the hog.
The hog is severely wounded.
The hog bites you!
* * * LOW HITPOINT WARNING * * *
No path to travel!
You can't drink.
Unknown command.
You block the hog's attack. The hog bites you.
You die...

#................
###..............
###...........##..
#####.#.#####)#.#..#..
#...#...#..#..####....
#.......#..#..#<.##...
##.##Y..#..'..#...#... #
#.h..#..#.%#.......
#.@###..#%%##.##... ####..#
########...... #.....#
#............
#....#####....###....(
##....##.#....##..###. ###
###.#.............##.
###.####...#)....###....##..
##....#...........#
##.......
#.....#)#.#.....### #.##.##.


You could see a yak and a hog.

Vanquished Creatures
  A blink frog (shapeshifter) (D:7)
  A hog (D:7)
  2 orc warriors (D:7)
  A phantom (D:6)
  4 ogres
  2 centaurs
  A bullfrog (D:7)
  3 crimson imps
  A centaur zombie (D:6)
  A hound (D:7)
  An orc wizard (D:7)
  5 orc priests
  Crazy Yiuf (D:2)
  2 bullfrog skeletons
  Natasha (twice) (D:3)
  6 worker ants
  A hound skeleton (D:5)
  6 adders
  2 shadow imps
  An adder skeleton (D:5)
  5 worms
  2 dart slugs
  5 leopard geckos
  20 orcs
  2 ball pythons
  2 giant cockroaches (D:1)
  5 goblins
  5 hobgoblins
  4 jackals
  4 quokkas
  2 bats (D:1)
  9 frilled lizards
  A jackal skeleton (D:4)
  9 kobolds
  2 rats
121 creatures vanquished.

Vanquished Creatures (collateral kills)
  A hippogriff (D:6)
  A yak (D:7)
  A hog (D:7)
  A human (D:7)
  A vampire mosquito (D:6)
  A water moccasin (D:7)
  An orc warrior (D:6)
  2 ogres
  A phantom (D:6)
  A centaur (D:7)
  A bullfrog (D:7)
  3 crimson imps
  3 hounds
  An orc wizard (D:6)
  A centaur skeleton (D:4)
  An iguana (D:7)
  Natasha (D:3)
  A worker ant (D:5)
  An adder (D:3)
  2 adder skeletons (D:7)
  2 worms
  A dart slug (D:4)
  2 leopard geckos
  7 orcs
  A jackal (D:3)
  A kobold (D:2)
  3 quokkas
  A frilled lizard (D:3)
  2 rats
46 creatures vanquished.

Vanquished Creatures (others)
  5 hexers
  6 ancestors
11 creatures vanquished.

Grand Total: 178 creatures vanquished

Notes
Turn   | Place    | Note
-------+----------+-------------------------------------------
     0 | D:1      | Morbidden the Skeleton Fighter began the quest for the Orb.
     0 | D:1      | Reached XP level 1. HP: 14/14 MP: 1/1
   312 | D:1      | Reached XP level 2. HP: 18/19 MP: 2/2
   334 | D:1      | Reached skill level 1 in Spellcasting
   704 | D:1      | Reached skill level 4 in Shields
   837 | D:1      | Reached XP level 3. HP: 23/23 MP: 5/5
  1848 | D:2      | Found a hazy altar of Hepliaklqana.
  1952 | D:2      | Reached XP level 4. HP: 28/28 MP: 6/6
  1967 | D:2      | Became a worshipper of Hepliaklqana the Forgotten
  2310 | D:2      | Found a runed door.
  2314 | D:2      | Noticed Crazy Yiuf
  2325 | D:2      | Killed Crazy Yiuf
  2503 | D:3      | Noticed Natasha
  2540 | D:3      | Killed Natasha
  2541 | D:3      | Reached XP level 5. HP: 11/28 MP: 2/9
  2911 | D:3      | Noticed an ogre
  2965 | D:3      | Killed an ogre
  3090 | D:3      | Reached * piety under Hepliaklqana
  3203 | D:3      | Noticed Natasha
  3213 | D:3      | Killed Natasha
  3214 | D:3      | Gained mutation: You regenerate a little health from kills.
                  | [Skeleton growth]
  3214 | D:3      | Reached XP level 6. HP: 34/34 MP: 11/11
  3489 | D:3      | Reached skill level 5 in Shields
  4010 | D:3      | Reached skill level 1 in Dodging
  4151 | D:3      | Reached skill level 1 in Invocations
  4156 | D:3      | Noticed Natasha
  4165 | D:3      | Killed Natasha
  4232 | D:4      | Reached skill level 5 in Polearms
  4263 | D:4      | Reached XP level 7. HP: 37/37 MP: 12/12
  4661 | D:5      | Entered Level 5 of the Dungeon
  4915 | D:5      | Found a staircase to the Ecumenical Temple.
  4998 | D:5      | Reached ** piety under Hepliaklqana
  4999 | D:5      | Remembered your ancestor Quintus as a hexer
  5320 | D:6      | Noticed a vampire mosquito
  5331 | D:6      | Killed a vampire mosquito
  5393 | D:6      | Reached skill level 5 in Spellcasting
  5411 | D:6      | Reached XP level 8. HP: 25/43 MP: 8/15
  5539 | D:6      | Reached skill level 1 in Stealth
  5539 | D:6      | Reached skill level 6 in Shields
  5565 | D:6      | Got a shimmering mace
  5570 | D:6      | Found a sacrificial altar of Ru.
  5571 | D:6      | Identified the +0 mace "Anget" {venom, *Noise +Blink rC+
                  | Dex+8} (You found it on level 6 of the Dungeon)
  5632 | D:6      | Noticed a hippogriff
  5746 | D:6      | Found a shimmering blue altar of Sif Muna.
  5805 | D:6      | Killed a hippogriff
  5806 | D:6      | Reached skill level 5 in Armour
  5860 | D:6      | Reached skill level 5 in Fighting
  6219 | D:7      | Noticed an orb spider
  6228 | D:7      | Noticed a blink frog
  6228 | D:7      | an orb spider changed into a blink frog
  6233 | D:7      | Killed a blink frog
  6234 | D:7      | Reached XP level 9. HP: 21/48 MP: 10/18
  6316 | D:7      | Found an ornate altar of the Wu Jian Council.
  6349 | D:7      | Reached skill level 7 in Shields
  6529 | D:7      | Reached *** piety under Hepliaklqana
  6547 | D:7      | Found a snail-covered altar of Cheibriados.
  6597 | D:7      | Noticed a deep elf mage
  6599 | D:7      | Found a shattered altar of Ashenzari.
  6599 | D:7      | Found a transporter.
  6607 | D:7      | Found a transporter.
  7243 | D:7      | Reached skill level 8 in Shields
  7268 | D:7      | HP: 1/49 [hog (4)]
  7272 | D:7      | Slain by a hog

Skill      XL: |  1  2  3  4  5  6  7  8  9 |
---------------+----------------------------+-----
Spellcasting   | 1 3 5 6 7 |  7.3
Shields        | 4 5 6 8 |  8.2
Polearms       | 3 4 5 7 |  7.8
Armour         | 4 5 |  5.8
Dodging        | 1 2 3 |  3.7
Invocations    | 1 2 3 4 |  4.2
Fighting       | 4 5 6 |  6.1
Stealth        | 1 2 |  2.2

Action                   |  1- 3 |  4- 6 |  7- 9 || total
-------------------------+-------+-------+-------++-------
Melee: Trident           |   192 |   198 |   399 ||   789
Invok: Ancestor Identity |       |     1 |       ||     1
       Recall Ancestor   |       |     1 |       ||     1
       Ancestor Life: He |       |       |     1 ||     1
Evoke: Wand              |       |       |     1 ||     1
  Use: Scroll            |       |       |     2 ||     2
 Stab: Distracted        |       |       |     5 ||     5
       Confused          |       |       |     2 ||     2
Armor: Scale mail        |    75 |    64 |    78 ||   217
       Chain mail        |       |       |    35 ||    35
Dodge: Dodged            |    34 |    48 |    83 ||   165
Block: Medium shield     |    84 |    69 |   189 ||   342
